 Dungeon Crawl Stone Soup version 0.27-a0-1217-g8a41f320e8 (webtiles) character file.

Game seed: 13105455301295739852

401 Froggeryz the Chopper (level 6, -7/51 HPs)
             Began as a Palentonga Gladiator on June 6, 2021.
             Was a Believer of Dithmenos.
             Mangled by Duvessa
             ... wielding a +0 short sword
              (9 damage)
             ... on level 4 of the Dungeon.
             The game lasted 00:03:02 (3871 turns).

Froggeryz the Chopper (Palentonga Gladiator)        Turns: 3871, Time: 00:03:02

Health: -7/51      AC:  5    Str: 19    XL:     6   Next: 54%
Magic:  6/6        EV: 10    Int:  9    God:    Dithmenos [**....]
Gold:   166        SH:  0    Dex: 11    Spells: 5/5 levels left

rFire    . . .     SeeInvis +   a - +0 war axe
rCold    . . .     Faith    .   (no shield)
rNeg     . . .     Spirit   .   b - +0 leather armour
rPois    .         Reflect  .   l - +0 helmet
rElec    .         Harm     .   (no cloak)
rCorr    .         Rampage  .   (no gloves)
Will     +....                  (no barding)
Stlth    +.........             (no amulet)
HPRegen  0.17/turn              i - ring of willpower
MPRegen  0.10/turn              (no ring)

@: wreathed by umbra
A: large, rugged brown scales 3, see invisible, deformed body, roll 1, armoured
tail
a: Rolling Charge, Renounce Religion, Shadow Step


You were on level 4 of the Dungeon.
You worshipped Dithmenos.
Dithmenos was pleased with you.
You visited 1 branch of the dungeon, and saw 4 of its levels.

You collected 166 gold pieces.

Inventory:

Hand Weapons
 a - a +0 war axe (weapon)
Missiles
 d - 3 throwing nets
 j - 19 poisoned darts (quivered)
Armour
 b - a +0 leather armour (worn)
 l - a +0 helmet (worn)
Jewellery
 i - a ring of willpower (left hand)
Wands
 p - a wand of polymorph (10)
 q - a wand of paralysis (7)
 s - a wand of iceblast (8)
Scrolls
 e - a scroll of blinking {unknown}
 f - 3 scrolls of amnesia {unknown}
 k - 2 scrolls of identify {unknown}
 n - a scroll of magic mapping {unknown}
 o - a scroll of enchant weapon {unknown}
 t - a scroll of torment {unknown}
Potions
 c - a potion of flight {unknown}
 g - a potion of brilliance {unknown}
 h - a potion of attraction {unknown}
 m - a potion of haste {unknown}
 r - a potion of might {unknown}


   Skills:
 + Level 3.8 Fighting
 * Level 6.3 Axes
 - Level 1.3 Throwing
 - Level 1.2 Armour
 - Level 2.4 Dodging


You had 5 spell levels left.
You didn't know any spells.
Your spell library was empty.

Dungeon Overview and Level Annotations

Branches:
Dungeon (4/15)
 Temple: D:4-7

Altars:
Dithmenos

Annotations:
D:4 Duvessa


Innate Abilities, Weirdness & Mutations

You are completely covered in rugged brown scales. (AC +3, +7% HP)
You have supernaturally acute eyesight. (SInv)
Armour fits poorly on your strangely shaped body.
You can roll at nearby foes to attack.
You have a long armoured tail.


Message History

Dowan is severely wounded.
You slash Duvessa!
Dowan points at you and mumbles some strange words.
The puff of frost hits you. Duvessa completely misses you.
You closely miss Duvessa.
Duvessa is moderately wounded.
You closely miss Dowan.
A gnoll shaman comes into view. It is wielding a +0 whip.
Dowan casts a spell at Duvessa.
Duvessa seems to speed up.
Duvessa closely misses you.
You closely miss Duvessa.
Duvessa is moderately wounded.
You closely miss Dowan.
The gnoll shaman shouts!
Duvessa closely misses you. Dowan hits you with a +3 dagger.
Duvessa hits you with a +0 short sword. Dowan hits you with a +3 dagger.
You completely miss Duvessa.
Duvessa is moderately wounded.
You closely miss Dowan. Duvessa hits you with a +0 short sword.
Dowan barely misses you.
A gnoll comes into view. It is wielding a +0 spear.
Duvessa closely misses you.
You closely miss Duvessa.
The gnoll shouts!
You tail-slap Duvessa, but do no damage.
Duvessa is moderately wounded.
You slash Dowan!
You kill Dowan!
Dithmenos accepts your kill.
Duvessa screams in rage.
Duvessa goes berserk!
You hear a shout!
Duvessa hits you with a +0 short sword!
* * * LOW HITPOINT WARNING * * *
The gnoll shaman calls upon its god to speed up the gnoll.
The gnoll seems to speed up.
Duvessa hits you with a +0 short sword!
* * * LOW HITPOINT WARNING * * *
Duvessa hits you with a +0 short sword!
You die...

..## ###### .....##
#....# ......# #..)@#
......# # #...e#
.......#
.#.#####....###.....##.
...........g...........
.......................
#######)###g##.......#
#.....#.##.......#
#..........(....## ##
#......#.##....##


You could see Duvessa (berserk, fast), a gnoll shaman and a gnoll (fast).

Vanquished Creatures
  2 ogres
  Dowan (D:4)
  An orc priest (D:3)
  An orc wizard (D:3)
  A hound skeleton (D:3)
  3 adders
  An adder zombie (D:3)
  A worm (D:3)
  4 dart slugs
  11 orcs (D:3)
  9 ball pythons
  2 endoplasms
  5 giant cockroaches
  8 goblins
  4 hobgoblins
  7 kobolds
  A quokka (D:1)
  6 bats
  2 frilled lizards
  A quokka skeleton (D:3)
  3 rats
74 creatures vanquished.

Vanquished Creatures (others)
  A plant (D:3)
  5 toadstools (D:1)
6 creatures vanquished.

Grand Total: 80 creatures vanquished

Notes
Turn   | Place    | Note
-------+----------+-------------------------------------------
     0 | D:1      | Froggeryz the Palentonga Gladiator began the quest for the
                  | Orb.
     0 | D:1      | Reached XP level 1. HP: 17/17 MP: 1/1
   235 | D:1      | Found a faded altar of an unknown god.
   241 | D:1      | Reached XP level 2. HP: 23/23 MP: 2/2
   244 | D:1      | Became a worshipper of Dithmenos the Shadowed
   244 | D:1      | Reached * piety under Dithmenos
   929 | D:2      | Reached skill level 1 in Armour
   950 | D:2      | Reached XP level 3. HP: 21/28 MP: 3/3
  1052 | D:2      | You fall into a shaft and drop 1 floor!
  1057 | D:3      | Reached skill level 4 in Axes
  1770 | D:2      | Reached XP level 4. HP: 28/35 MP: 4/4
  1850 | D:2      | Reached ** piety under Dithmenos
  2562 | D:3      | Reached skill level 5 in Axes
  2562 | D:3      | Reached XP level 5. HP: 25/41 MP: 5/5
  2961 | D:3      | Noticed an ogre
  2968 | D:3      | Killed an ogre
  3630 | D:3      | Reached XP level 6. HP: 50/50 MP: 6/6
  3698 | D:4      | Reached skill level 6 in Axes
  3834 | D:4      | Noticed Dowan
  3836 | D:4      | Noticed Duvessa
  3870 | D:4      | Killed Dowan
  3871 | D:4      | HP: 2/51 [Duvessa/+0 short sword (7)]
  3871 | D:4      | Mangled by Duvessa

Illustrated notes

Levels and vault maps discovered:
D:1:      ldierk_walled_garden, layout_loops_cross, basic_ecumenical_altar,
          minmay_pentomino_q2
D:2:      layout_loops_cross, minmay_pentomino_pile
D:3:      layout_loops_corners, serial_undead, serial_undead_d, serial_undead_d,
          serial_undead_c, serial_undead_d, chequers_mini_garden,
          saegor_snake_ambush
D:4:      layout_rooms, trog_book, hangedman_minor_gate_pass,
          uniq_blork_the_orc, uniq_purgy, uniq_duvessa

Skill      XL: |  1  2  3  4  5  6 |
---------------+-------------------+-----
Armour         | 1 |  1.2
Axes           | 4 5 6 |  6.3
Fighting       | 3 |  3.8
Throwing       | |  1.3
Dodging        | |  2.4

Action                   |  1- 3 |  4- 6 || total
-------------------------+-------+-------++-------
Melee: War axe           |    94 |   116 ||   210
       Tailslap          |     9 |    18 ||    27
Throw: Dart              |       |     3 ||     3
 Abil: Rolling Charge    |     1 |     2 ||     3
 Stab: Sleeping          |     1 |       ||     1
Armor: Leather armour    |    29 |    35 ||    64
Dodge: Dodged            |    47 |    69 ||   116

Table legend: (Time is in decaauts)
 A = Elapsed time spent in this place.
 B = Non-inter-level travel time spent in this place.
 C = Inter-level travel time spent in this place.
 D = Time resting spent in this place.
 E = Time spent auto-exploring this place.
 F = Levels seen in this place.
 G = Mean time per level.
                   A        B        C        D        E       F      G
               +--------+--------+--------+--------+--------+-----+--------+
         Total |   3951 |   3862 |     89 |    359 |   2968 |   4 |  987.8 |
       Dungeon |   3951 |   3862 |     89 |    359 |   2968 |   4 |  987.8 |
               +--------+--------+--------+--------+--------+-----+--------+

Top non-repeatable levels by time:
     D:3: 1999 daAuts
     D:2: 886 daAuts
     D:1: 871 daAuts
     D:4: 194 daAuts
